 Dungeon Crawl Stone Soup version 0.27-a0-577-ge2a43ba0c9 (webtiles) character file.

Game seed: 13766969238621669299

1 kae the Ruffian (level 1, 0/18 HPs)
             Began as a Naga Transmuter on Mar 9, 2021.
             Slain by a jackal (2 damage)
             ... on level 1 of the Dungeon.
             The game lasted 00:00:13 (168 turns).

kae the Ruffian (Naga Transmuter)                    Turns: 168, Time: 00:00:14

Health: 0/18       AC:  1    Str: 12    XL:     1   Next: 20%
Magic:  3/3        EV:  9    Int: 13    God:
Gold:   11         SH:  0    Dex: 11    Spells: 3/4 levels left

rFire    . . .     SeeInvis +     - Unarmed
rCold    . . .     Faith    .   (no shield)
rNeg     . . .     Spirit   .   a - +0 robe
rPois    +         Reflect  .   (helmet currently unavailable)
rElec    .         Harm     .   (no cloak)
rCorr    .         Rampage  .   (no gloves)
Will     .....                  (no barding)
Stlth    +.........             (no amulet)
HPRegen  0.06/turn              (no ring)
MPRegen  0.08/turn              (no ring)

@: short of breath, appendages (expiring), very slow
A: large, horns 2, see invisible, deformed body, poison resistance, slowness 2,
spit poison 1, naga tail 1, AC +0
a: Spit Poison, End Transformation


You were on level 1 of the Dungeon.
You had grown temporary horns.
You visited 1 branch of the dungeon, and saw 1 of its levels.

You collected 11 gold pieces.

Inventory:

Armour
 a - a +0 robe (worn)
Potions
 b - a potion of curing {unknown}


   Skills:
 - Level 1.0 Fighting
 - Level 1.5 Dodging
 + Level 3.0 Unarmed Combat
 - Level 2.0 Spellcasting
 + Level 2.0 Transmutations


You had 3 spell levels left.
You knew the following spells:

 Your Spells              Type           Power      Damage    Failure   Level
a - Beastly Appendage     Tmut           12%        N/A       11%         1

Your spell library contained the following spells:

 Spells                   Type           Power      Damage    Failure   Level
 Wereblood                Tmut           6%         N/A       17%         2
 Spider Form              Tmut/Pois      1%         N/A       45%         3
 Ice Form                 Ice/Tmut       3%         N/A       86%         4
 Blade Hands              Tmut           3%         N/A       97%         5


Dungeon Overview and Level Annotations

Branches:
Dungeon (1/15)

Altars:


Innate Abilities, Weirdness & Mutations

Your serpentine skin is tough. (AC +0)
You have supernaturally acute eyesight. (SInv)
Armour fits poorly on your strangely shaped body.
Your system is resistant to poisons. (rPois)
You cover ground very slowly.
You can spit poison.
You have a snake-like lower body.
You have a pair of horns on your head.


Message History

A jackal is nearby!
Casting: Beastly Appendage (safe; 11% risk of failure)
Confirm with . or Enter, or press ? or * to list all spells.
You grow a pair of large bovine horns.
The jackal closely misses you. The jackal completely misses you.
You barely miss the jackal. Your headbutt misses the jackal.
Your transformation is almost over.
The jackal barely misses you.
A rat comes into view.
The jackal barely misses you.
You barely miss the jackal. Your headbutt misses the jackal.
The jackal barely misses you.
You barely miss the jackal. The jackal bites you.
You closely miss the jackal. The jackal bites you.
A jackal comes into view.
The jackal barks!
You hit the jackal but do no damage.
You hear a bark! x3
The jackal bites you.
The jackal bites you but does no damage.
There are monsters nearby!
You hit the jackal but do no damage. The jackal barely misses you.
You hit the jackal.
The jackal is moderately wounded.
The jackal completely misses you.
You hit the jackal.
The jackal is severely wounded.
The jackal bites you. x2
You are too injured to fight recklessly!
Press: ? - help, Shift-Dir - straight line, f - jackal
Aim: a jackal The splash of poison misses the jackal.
The jackal bites you.
You hit the jackal.
The jackal is almost dead.
The jackal barely misses you. The jackal bites you. x2
* * * LOW HITPOINT WARNING * * *
You miss the jackal. The jackal barely misses you. The jackal bites you.
* * * LOW HITPOINT WARNING * * *
The jackal bites you.
You die...

...####.....####..
.....[###'###.....
.<......'.'......⌠
......###'###.....
...####.....####.. ##.
####......#....#####...$
.........#..##........#
...##.....#..##....###
## ###..###.###@h## ##.#
## ##h# #.# r# #.. ..
### >## .. ##


You could see 2 jackals and a rat.

Vanquished Creatures
  A jackal (D:1)
1 creature vanquished.

Notes
Turn   | Place    | Note
-------+----------+-------------------------------------------
     0 | D:1      | kae the Naga Transmuter began the quest for the Orb.
     0 | D:1      | Reached XP level 1. HP: 18/18 MP: 3/3
   168 | D:1      | Slain by a jackal

Illustrated notes

Levels and vault maps discovered:
D:1:      elethiomel_arrival_infinity_welcomes_careful_drivers,
          layout_loops_ring, minmay_3d_cube

Action                   || total
-------------------------++-------
Melee: Unarmed           ||    19
       Headbutt          ||     1
 Cast: Beastly Appendage ||     2
 Abil: Spit Poison       ||     1
Armor: Robe              ||     1
Dodge: Dodged            ||    15

Table legend: (Time is in decaauts)
 A = Elapsed time spent in this place.
 B = Non-inter-level travel time spent in this place.
 C = Inter-level travel time spent in this place.
 D = Time resting spent in this place.
 E = Time spent auto-exploring this place.
 F = Levels seen in this place.
 G = Mean time per level.
                   A        B        C        D        E       F      G
               +--------+--------+--------+--------+--------+-----+--------+
         Total |    181 |    181 |      0 |      0 |    151 |   1 |  181.0 |
       Dungeon |    181 |    181 |      0 |      0 |    151 |   1 |  181.0 |
               +--------+--------+--------+--------+--------+-----+--------+

Top non-repeatable levels by time:
     D:1: 181 daAuts
